zoologist, lawful male human Archeologist ------ --- ----.--.-- -- --- ----- --.--|........| .| . ..| --.|.-- |...||........| .--.- ---..| |..*..| ---..- -.......| ....| |...- |.....-- |...-- |......-------...- ---- -- |..----- ---......| |.-.| --...............| --- |..--.--- |..--..| |.......-- |...| --->-----...)..`--- |.-----(......| ----- |......| --....^..| |.<[| |...| |.......| --...--.....-- | --...-- |.|...-- |.......-- ---.|---.--- |......-|---...........--------.....-- |.|-.-- --......| |[||...| --......--.....................-..(..| |.|--- ---....(.| |.|#.--- ----......---....|.....-.----.......---.| |........- |)-#*| |.....-- -------.......| |....[..)|..-- ------.-----...| |....| ------- ----....| |...%........| |......| |...| ---..-- ---.-- |....dBk.....----.....-- ----- |...| --- --- |....f@Z.....[|--......| --..--..| |....dF.......--....|.-- |......| ----.`|.b.........----- |.--..-- -------.....|..| ---|..| --..------ ---- ---- zoologist the Field Worker Experience level: 3 Strength: 15 Dexterity: 7 Constitution: 13 Intelligence: 14 Wisdom: 14 Charisma: 12 Health: 0(23) Energy: 13(13) Def: 8 Gold: 101 Moves: 1242 Dungeon seed: icvz8r6fB1ZmaLXs Game ID: zoologist_1523602592 Your Inventory: Coins $ - 101 gold pieces Weapons g - 13 +0 darts (in quiver) Armor r - an uncursed +0 scale mail (being worn) y - an uncursed +0 dwarvish cloak (being worn) z - an uncursed +0 pair of iron shoes (being worn) N - an uncursed +0 dwarvish iron helm (being worn) Comestibles b - 4 uncursed food rations j - an uncursed egg k - an uncursed slime mold s - an uncursed pancake t - an uncursed tin of coyote meat v - an uncursed tin of jackal meat A - an uncursed tripe ration D - an uncursed tin of hobgoblin meat Wands C - a wand of create monster (0:11) Tools c - a +0 pick-axe (weapon in hand) d - a tinning kit (0:36) h - an uncursed brass lantern (0:1247) x - 6 uncursed partly used tallow candles (lit) (0:37) Gems e - an uncursed worthless piece of yellow glass n - 2 uncursed jasper stones q - an uncursed touchstone Spells and supernatural/magical abilities: Name Level Category Fail Memory W - pray for help -- divine ? -- Your skills at the end: Fighting Skills Weapon Skills pick-axe [Basic] whip [Basic] Spellcasting Skills Final Attributes: You were piously aligned. You were confused. You were stealthy. You were fast. You were unlucky. You are dead. Vanquished creatures: a dwarf lord a gnome lord a kitten 2 dwarves 2 coyotes a hobgoblin a green mold 9 gnomes 4 jackals 3 foxes a kobold 2 sewer rats 2 lichens 3 newts 33 creatures vanquished. Voluntary challenges: You were an atheist. You used a wielded weapon 34 times, starting on turn 1. You read items or engraved 6 times, starting on turn 265. You never genocided any monsters. You never polymorphed an object. You never changed form. You used no wishes. You never split a pudding. You never wrote Elbereth's name. You never violated your personal moral code. Dungeon overview: The Dungeons of Doom: levels 1 to 2 Level 1 a fountain a long staircase Level 2 stairs to The Gnomish Mines The Gnomish Mines: Level 3 <- You were here stairs to The Dungeons of Doom History has recorded: On T:1 you entered the Dungeons of Doom to retrieve the Amulet of Yendor! On T:340 you reached level 2 of The Dungeons of Doom. On T:502 you reached level 1 of The Gnomish Mines. On T:629 you advanced to experience level 2. On T:977 you advanced to experience level 3. Score breakdown: Gold: 101 ( 6832 points) Experience: 3 levels ( 7878 points) Exploration: 3 levels ( 6.25%) ( 6188 points) Discoveries: 7 items ( 2.35%) ( 4597 points) Valuables value: (no points given unless you survive) Artifact value: 0 ( 0 points) Variety of kills: 14 monsters ( 3.67%) ( 5750 points) Turncount: 1242 turns ( 0 points) Survival: died (score multiplied by 80%) Total score: 24996 Latest messages: (You can name a dark green potion from the item naming menu.) The bat bites! The jackal bites! The kobold zombie hits! The kitten bites! The fox bites! The bat bites! The kitten misses. The egg misses the kitten. Splat! The bat misses. The jackal bites! The kitten misses. The fox bites! You add to the writing in the dust with your fingers. The large kobold just misses! The bat misses. The jackal bites! The kobold zombie hits! You die... Final status: Goodbye zoologist the Archeologist, killed by a kobold zombie... You died in The Gnomish Mines on dungeon level 3 with 24996 points, and 101 pieces of gold, after 1242 moves. You were level 3 with a maximum of 23 hit points when you died.